[Event "41st Amateur D7"]
[Site "ChessGUI4"]
[Date "2013.07.03"]
[Round "2.4"]
[White "FireFly 2.6.0 64-bit"]
[Black "MadChess 1.2"]
[Result "0-1"]
[BlackElo "2200"]
[ECO "A62"]
[EventDate "2013.??.??"]
[TimeControl "40/1500:40/1500:40/1500"]
[WhiteElo "2258"]

{ i5 Quad } 1.d4 Nf6 2.c4 e6 3.Nf3 c5 4.d5 d6 5.Nc3 exd5 6.cxd5 g6 7.g3 Bg7 8.Bg2 O-O 9.O-O h6
{ [%eval -35,10] [%emt 0:00: 42] (Re8) } 10.Re1
{ [%eval 85,11] [%emt 0:00:56] (e4) } 10...Re8
{ [%eval -21,11] [%emt 0:00:45] (Re8) } 11.e4
{ [%eval 76,11] [%emt 0:00:56] (e4) } 11...Nbd7
{ [%eval -33,10] [%emt 0:00:21] (Bg4) } 12.Bf4
{ [%eval 74,11] [%emt 0:00:55] (Qb3) } 12...Nb6
{ [%eval -26,11] [%emt 0:00:34] (Ng4) } 13.Qc1
{ [%eval 81,11] [%emt 0:00:54] (Qc1) } 13...g5
{ [%eval -23,12] [%emt 0:00:36] (g5) } 14.Bxd6
{ [%eval 87,12] [%emt 0: 00:53] (Bxd6) } 14...Qxd6
{ [%eval -52,12] [%emt 0:00:29] (Qxd6) } 15.e5
{ [%eval 75, 13] [%emt 0:00:52] (e5) } 15...Qf8
{ [%eval -14,13] [%emt 0:00:43] (Qd8) } 16.exf6
{ [%eval 68,13] [%emt 0:00:52] (exf6) } 16...Rxe1+
{ [%eval -22,13] [%emt 0:00:32] (Rxe1) } 17.Qxe1
{ [%eval 58,12] [%emt 0:00:42] (Qxe1) } 17...Bxf6
{ [%eval -24,13] [%emt 0:00:40] (Bxf6) } 18.Qe4
{ [%eval 45,12] [%emt 0:00:42] (Qe4) } 18...Qd6
{ [%eval -28,13] [%emt 0:00:32] (Qd6) } 19.Nd2
{ [%eval 53,12] [%emt 0:00:41] (Qe8) } 19...Bd7
{ [%eval -24,12] [%emt 0:00:57] (Bxc3) } 20.Nc4
{ [%eval 29,12] [%emt 0:00:41] (Qd3) } 20...Nxc4
{ [%eval -24,12] [%emt 0:00:40] (Nxc4) } 21.Qxc4
{ [%eval 46,11] [%emt 0:00:41] (Qxc4) } 21...Qb6
{ [%eval -15,11] [%emt 0:00:18] (Bd4) } 22.Rb1
{ [%eval 46,11] [%emt 0:00:40] (b3) } 22...Bd4
{ [%eval -2,11] [%emt 0:00:39] (Re8) } 23.Qd3
{ [%eval 34,11] [%emt 0:00:40] (Qb3) } 23...f5
{ [%eval 19,11] [%emt 0:00:37] (Re8) } 24.Qc2
{ [%eval 34,10] [%emt 0:00:39] (Qd2) } 24...Re8
{ [%eval 18,11] [%emt 0: 00:59] (Re8) } 25.Rd1
{ [%eval 40,10] [%emt 0:00:39] (h3) } 25...g4
{ [%eval 21,9] [%emt 0:00:23] (Qd6) } 26.Bf1
{ [%eval 43,10] [%emt 0:00:39] (h3) } 26...a6
{ [%eval 15,11] [%emt 0:01:08] (Re7) } 27.Bd3
{ [%eval 46,11] [%emt 0:00:38] (Ne2) } 27...Rf8
{ [%eval 16,10] [%emt 0:00:24] (Re5) } 28.Be2
{ [%eval 20,10] [%emt 0:00:38] (Re1) } 28...f4
{ [%eval 74,11] [%emt 0:00:37] (Qd6) } 29.Kh1
{ [%eval -23,11] [%emt 0:00: 37] (gxf4) } 29...Bxf2
{ [%eval 109,11] [%emt 0:00:35] (Bxf2) } 30.gxf4
{ [%eval -74, 11] [%emt 0:00:29] (gxf4) } 30...Rxf4
{ [%eval 136,11] [%emt 0:00:23] (Rxf4) } 31.Bc4
{ [%eval -116,11] [%emt 0:00:29] (Rf1) } 31...Bd4
{ [%eval 143,11] [%emt 0:00:29] (Bd4) } 32.Re1
{ [%eval -148,11] [%emt 0:00:29] (Re1) } 32...Qd6
{ [%eval 216,11] [%emt 0: 00:36] (Qf6) } 33.Ne4
{ [%eval -259,11] [%emt 0:00:29] (Ne4) } 33...Qe5
{ [%eval 250, 13] [%emt 0:00:47] (Qe5) } 34.Qb1
{ [%eval -290,11] [%emt 0:00:29] (Qe2) } 34...Bf5
{ [%eval 306,13] [%emt 0:00:43] (Bf5) } 35.d6+
{ [%eval -279,12] [%emt 0:00:29] (d6) } 35...Kf8
{ [%eval 299,13] [%emt 0:00:48] (Kg7) } 36.Bd3
{ [%eval -339,12] [%emt 0:00:29] (Bd3) } 36...Bxb2
{ [%eval 286,13] [%emt 0:01:00] (Qd5) } 37.Nxc5
{ [%eval -209,11] [%emt 0:00:29] (Nxc5) } 37...Qd5+
{ [%eval 206,12] [%emt 0:00:40] (Qd5) } 38.Ne4
{ [%eval -277,11] [%emt 0:00:29] (Ne4) } 38...Bc3
{ [%eval 272,14] [%emt 0:01:45] (Bc3) } 39.Re2
{ [%eval -270,12] [%emt 0:00:29] (Re3) } 39...Bd4
{ [%eval 271,12] [%emt 0:00:59] (b5) } 40.Kg2
{ [%eval -283,11] [%emt 0:00:29] (Bc2) } 40...Bc5
{ [%eval 283,12] [%emt 0:01:02] (Bc5) } 41.d7
{ [%eval -303,11] [%emt 0:00:36] (d7) } 41...Bxd7
{ [%eval 272,12] [%emt 0:00:37] (Ke7) } 42.Qc1
{ [%eval -270,11] [%emt 0:00:36] (Qc1) } 42...Bd6
{ [%eval 309,13] [%emt 0:00:59] (Bd6) } 43.Qd2
{ [%eval -361,11] [%emt 0:00:36] (Bc4) } 43...Bc6
{ [%eval 369,13] [%emt 0:01:04] (Bc6) } 44.Rf2
{ [%eval -362,11] [%emt 0:00:36] (Rf2) } 44...Rxf2+
{ [%eval 364,14] [%emt 0: 01:08] (Qf7) } 45.Qxf2+
{ [%eval -370,10] [%emt 0:00:36] (Qxf2) } 45...Ke8
{ [%eval 378,13] [%emt 0:00:29] (Qf7) } 46.Qe2
{ [%eval -363,12] [%emt 0:00:36] (Qe2) } 46...h5
{ [%eval 402,13] [%emt 0:01:16] (Qd4) } 47.h3
{ [%eval -370,11] [%emt 0:00:37] (Kf1) } 47...Kd8
{ [%eval 401,13] [%emt 0:00:48] (Qg5) } 48.hxg4
{ [%eval -400,12] [%emt 0:00:36] (hxg4) } 48...hxg4
{ [%eval 411,13] [%emt 0:00:46] (hxg4) } 49.Kg1
{ [%eval -415,12] [%emt 0:00:36] (Kg1) } 49...Qd4+
{ [%eval 451,14] [%emt 0:01:20] (Bc5) } 50.Kg2
{ [%eval -466,12] [%emt 0:00:36] (Kg2) } 50...g3
{ [%eval 466,13] [%emt 0:00: 21] (g3) } 51.a4
{ [%eval -476,12] [%emt 0:00:36] (a4) } 51...Qxa4
{ [%eval 517,13] [%emt 0:00:27] (a5) } 52.Qe3
{ [%eval -530,11] [%emt 0:00:36] (Kh3) } 52...Qa2+
{ [%eval 611,13] [%emt 0:00:39] (Qa2) } 53.Kf1
{ [%eval -644,11] [%emt 0:00:36] (Kf1) } 53...Qh2
{ [%eval 622,13] [%emt 0:00:22] (Qh2) } 54.Qf3
{ [%eval -670,12] [%emt 0:00:36] (Qf3) } 54...Kc7
{ [%eval 689,13] [%emt 0:00:24] (Bd7) } 0-1

[Event "41st Amateur D7"]
[Site "ChessGUI4"]
[Date "2013.07.03"]
[Round "2.5"]
[White "ChessKiss 1.7 64-bit"]
[Black "Shallow 1.0 64-bit"]
[Result "0-1"]
[BlackElo "2200"]
[ECO "D45"]
[EventDate "2013.??.??"]
[TimeControl "40/1500:40/1500:40/1500"]
[WhiteElo "2214"]

{ i5 Quad } 1.d4 d5 2.c4 c6 3.Nc3 Nf6 4.e3 e6 5.Nf3 a6 6.c5 Nbd7 7.b4 g6 8.Bb2 Bg7 9.Bd3 Qe7 { [%eval -26,13] [%emt 0:00: 42] (O-O) } 10.O-O
{ [%eval 34,12] [%emt 0:00:41] (O-O) } 10...O-O
{ [%eval -28,13] [%emt 0:00:42] (O-O) } 11.Re1
{ [%eval 34,11] [%emt 0:00:40] (Re1) } 11...a5
{ [%eval -23,13] [%emt 0:00:42] (Re8) } 12.Qa4
{ [%eval 35,10] [%emt 0:00:39] (a3) } 12...b5
{ [%eval -22,14] [%emt 0:00:42] (e5) } 13.Qa3
{ [%eval 15,12] [%emt 0:00:38] (Qa3) } 13...a4
{ [%eval -19,14] [%emt 0:00:42] (Ng4) } 14.Re2
{ [%eval 15,12] [%emt 0:00: 39] (Rac1) } 14...Ra7
{ [%eval -12,14] [%emt 0:00:42] (Bb7) } 15.Rf1
{ [%eval 33,12] [%emt 0:00:36] (e4) } 15...Ba6
{ [%eval -15,14] [%emt 0:00:42] (Qd8) } 16.Bc1
{ [%eval 49,13] [%emt 0:00:34] (e4) } 16...Bb7
{ [%eval -21,14] [%emt 0:00:42] (Qe8) } 17.e4
{ [%eval 60,14] [%emt 0:00:37] (e4) } 17...dxe4
{ [%eval -28,14] [%emt 0:00:42] (dxe4) } 18.Bxe4
{ [%eval 71,13] [%emt 0:00:33] (Bxe4) } 18...Nxe4
{ [%eval -30,13] [%emt 0:00:42] (Nxe4) } 19.Nxe4
{ [%eval 83,13] [%emt 0:00:32] (Nxe4) } 19...Qd8
{ [%eval -42,13] [%emt 0:00:42] (h6) } 20.Bg5
{ [%eval 95,13] [%emt 0:00:30] (Bg5) } 20...f6
{ [%eval -50,14] [%emt 0:00:42] (f6) } 21.Bd2
{ [%eval 95,12] [%emt 0:00:30] (Bf4) } 21...Nb8
{ [%eval -47,13] [%emt 0:00:42] (Re8) } 22.Nd6
{ [%eval 88,13] [%emt 0:00:29] (Nd6) } 22...Bc8
{ [%eval -48,14] [%emt 0:00:42] (Bc8) } 23.Qc1
{ [%eval 87, 12] [%emt 0:00:28] (Rfe1) } 23...Na6
{ [%eval -44,15] [%emt 0:00:42] (Na6) } 24.a3
{ [%eval 85,13] [%emt 0:00:26] (a3) } 24...Nc7
{ [%eval -46,15] [%emt 0:00:42] (g5) } 25.Bh6
{ [%eval 79,13] [%emt 0:00:23] (Bf4) } 25...Nd5
{ [%eval -42,15] [%emt 0:00:42] (Nd5) } 26.Rfe1
{ [%eval 64,12] [%emt 0:00:26] (Bxg7) } 26...Bxh6
{ [%eval -42,15] [%emt 0:00:42] (Bxh6) } 27.Qxh6
{ [%eval 78,13] [%emt 0:00:25] (Qxh6) } 27...Re7
{ [%eval -41,14] [%emt 0:00:42] (Bd7) } 28.Re4
{ [%eval 84,11] [%emt 0:00:24] (Rd2) } 28...Bd7
{ [%eval -39,13] [%emt 0:00:42] (Bd7) } 29.Kh1
{ [%eval 54,11] [%emt 0:00:23] (Qh4) } 29...Rg7
{ [%eval -38,12] [%emt 0:00:42] (Rg7) } 30.Qh4
{ [%eval 45, 11] [%emt 0:00:23] (Rc1) } 30...g5
{ [%eval 113,14] [%emt 0:00:42] (g5) } 31.Qg3
{ [%eval -84,13] [%emt 0:00:21] (Qg3) } 31...f5
{ [%eval 169,15] [%emt 0:00:42] (f5) } 32.Rxe6
{ [%eval -160,12] [%emt 0:00:14] (Rxe6) } 32...f4
{ [%eval 143,15] [%emt 0:00: 42] (f4) } 33.Qg4
{ [%eval -167,13] [%emt 0:00:22] (Qg4) } 33...Nc7
{ [%eval 150,14] [%emt 0:00:42] (Nc7) } 34.d5
{ [%eval -156,13] [%emt 0:00:18] (d5) } 34...cxd5
{ [%eval 152,14] [%emt 0:00:42] (cxd5) } 35.Nd4
{ [%eval -149,11] [%emt 0:00:11] (Nd4) } 35...Rf6
{ [%eval 161,14] [%emt 0:00:42] (Nxe6) } 36.N6f5
{ [%eval -144,11] [%emt 0:00:23] (N6f5) } 36...Bxe6
{ [%eval 174,15] [%emt 0:00:42] (Bxe6) } 37.Nxe6
{ [%eval -183,13] [%emt 0:00:26] (Nxe6) } 37...Nxe6
{ [%eval 176,16] [%emt 0:00:42] (Nxe6) } 38.Nxg7
{ [%eval -195,14] [%emt 0:00:18] (Nxg7) } 38...Nxg7
{ [%eval 200,15] [%emt 0:00:42] (Nxg7) } 39.Qxg5
{ [%eval -222,13] [%emt 0:00:18] (Qxg5) } 39...Rf8
{ [%eval 201,15] [%emt 0:00:42] (Rf8) } 40.Qh6
{ [%eval -245,13] [%emt 0:00:17] (Qh6) } 40...Qf6
{ [%eval 202,16] [%emt 0:00:42] (Qd7) } 41.Qxf6
{ [%eval -242,17] [%emt 0:00:58] (Qxf6) } 41...Rxf6
{ [%eval 204,16] [%emt 0:00:37] (Rxf6) } 42.Rd1
{ [%eval -229,15] [%emt 0:00:45] (Rd1) } 42...Rf5
{ [%eval 204,16] [%emt 0:00:37] (Rf5) } 43.Kg1
{ [%eval -247,15] [%emt 0:00:56] (f3) } 43...Kf7
{ [%eval 207,16] [%emt 0:00: 37] (Ne6) } 44.Kf1
{ [%eval -257,15] [%emt 0:00:55] (f3) } 44...Ke6
{ [%eval 211,13] [%emt 0:00:37] (Ne6) } 45.g4
{ [%eval -261,15] [%emt 0:00:53] (Re1) } 45...fxg3
{ [%eval 226,15] [%emt 0:00:37] (Rg5) } 46.hxg3
{ [%eval -370,17] [%emt 0:00:52] (hxg3) } 46...Rf3
{ [%eval 233,15] [%emt 0:00:37] (Rf3) } 47.Re1+
{ [%eval -347,16] [%emt 0:00:51] (Ra1) } 47...Kf5
{ [%eval 236,14] [%emt 0:00:37] (Kd7) } 48.Re3
{ [%eval -347,15] [%emt 0:00:49] (Rd1) } 48...Rxe3
{ [%eval 335,18] [%emt 0:00:37] (Rxe3) } 49.fxe3
{ [%eval -533,17] [%emt 0:00:47] (fxe3) } 49...Ke4
{ [%eval 364,17] [%emt 0:00:37] (Ne6) } 50.Ke2
{ [%eval -766,18] [%emt 0:00:46] (Kf2) } 50...Nf5
{ [%eval 410,18] [%emt 0:00:37] (Ne6) } 51.g4
{ [%eval -682,17] [%emt 0:00:45] (g4) } 51...Nxe3
{ [%eval 415,18] [%emt 0:00:37] (Nxe3) } 52.c6
{ [%eval -799,18] [%emt 0:00:43] (c6) } 52...Nc4
{ [%eval 507,18] [%emt 0:00:37] (Nc4) } 53.Kf2
{ [%eval -1254,16] [%emt 0:00:42] (c7) } 53...Ke5
{ [%eval 538,16] [%emt 0:00:37] (d4) } 54.c7
{ [%eval -1128,19] [%emt 0:00:41] (c7) } 54...Nb6
{ [%eval 556,18] [%emt 0:00: 37] (Nb6) } 55.Ke3
{ [%eval -1115,18] [%emt 0:00:40] (Kf3) } 55...Kd6
{ [%eval 560,17] [%emt 0:00:37] (Kd6) } 0-1

[Event "41st Amateur D7"]
[Site "ChessGUI4"]
[Date "2013.07.03"]
[Round "3.1"]
[White "Butcher 1.64 64-bit"]
[Black "Carballo 0.8"]
[Result "1/2-1/2"]
[BlackElo "2273"]
[ECO "C63"]
[EventDate "2013.??.??"]
[TimeControl "40/1500:40/1500:40/1500"]
[WhiteElo "2355"]

{ i5 Quad } 1.e4 e5 2.Nf3 Nc6 3.Bb5 f5 4.d3 fxe4 5.dxe4 Nf6 6.O-O Bc5 7.Bxc6 bxc6 8.Nxe5 O-O 9.Bg5 Qe8 { [%eval -49,13] [%emt 0:00:37] (Qe8) } 10.Bxf6
{ [%eval 89,12] [%emt 0:00:54] (Bxf6) } 10...Rxf6
{ [%eval -48,14] [%emt 0:00:36] (Rxf6) } 11.Nd3
{ [%eval 80,12] [%emt 0:00:59] (Nd3) } 11...Bb6
{ [%eval -50,13] [%emt 0:00:35] (Bb6) } 12.e5
{ [%eval 55,12] [%emt 0: 00:58] (Nd2) } 12...Rh6
{ [%eval -46,13] [%emt 0:00:34] (Rf8) } 13.Nd2
{ [%eval 94,11] [%emt 0:01:04] (Nd2) } 13...Qg6
{ [%eval -38,12] [%emt 0:00:33] (Ba6) } 14.a4
{ [%eval 80,11] [%emt 0:01:04] (Re1) } 14...a5
{ [%eval -40,13] [%emt 0:00:32] (a5) } 15.Nc4
{ [%eval 79,11] [%emt 0:00:59] (Nf3) } 15...Bd4
{ [%eval -45,12] [%emt 0:00:32] (Rh4) } 16.c3
{ [%eval 102,11] [%emt 0:00:53] (c3) } 16...Ba7
{ [%eval -36,14] [%emt 0: 00:31] (Ba6) } 17.Na3
{ [%eval 56,11] [%emt 0:01:01] (Nxa5) } 17...Ba6
{ [%eval 7,13] [%emt 0:00:30] (Qf7) } 18.Qb3+
{ [%eval 60,11] [%emt 0:01:00] (c4) } 18...Kh8
{ [%eval -11,13] [%emt 0:00:29] (Kh8) } 19.c4
{ [%eval 36,12] [%emt 0:00:58] (c4) } 19...Rh4
{ [%eval 10,11] [%emt 0:00:29] (Qh5) } 20.Rad1
{ [%eval 65,10] [%emt 0:00:57] (Kh1) } 20...Qg4
{ [%eval -4,12] [%emt 0:00:28] (Qe6) } 21.Qc3
{ [%eval 47,11] [%emt 0: 00:48] (Rc1) } 21...Bxc4
{ [%eval -20,13] [%emt 0:00:27] (Bxc4) } 22.Nxc4
{ [%eval 29, 11] [%emt 0:00:48] (Nxc4) } 22...Qxc4
{ [%eval -50,15] [%emt 0:00:26] (Qxc4) } 23.Qxc4
{ [%eval 28,12] [%emt 0:00:47] (Qxc4) } 23...Rxc4
{ [%eval -20,16] [%emt 0:00:26] (Rxc4) } 24.Ne1
{ [%eval 28,14] [%emt 0:00:46] (Ne1) } 24...Rd4
{ [%eval -15,16] [%emt 0:00:25] (Rd4) } 25.Nf3
{ [%eval 27,14] [%emt 0:00:46] (Nc2) } 25...Rd5
{ [%eval -11, 16] [%emt 0:00:24] (Rd5) } 26.Rde1
{ [%eval 25,13] [%emt 0:00:41] (Rc1) } 26...Re8
{ [%eval 25,13] [%emt 0:00:24] (Re8) } 27.Re4
{ [%eval 26,13] [%emt 0:00:45] (b3) } 27...h5
{ [%eval 31,12] [%emt 0:00:23] (Kg8) } 28.Rfe1
{ [%eval 40,12] [%emt 0:00:41] (b4) } 28...Rb8
{ [%eval 28,14] [%emt 0:00:23] (Bc5) } 29.Rb1
{ [%eval 40,12] [%emt 0: 00:43] (Rb1) } 29...Re8
{ [%eval 20,14] [%emt 0:00:22] (Kg8) } 30.Rbe1
{ [%eval 42,13] [%emt 0:01:13] (g3) } 30...Rb8
{ [%eval 13,14] [%emt 0:00:21] (Kg8) } 31.Rb1
{ [%eval 40,12] [%emt 0:00:37] (Rb1) } 31...c5
{ [%eval 9,13] [%emt 0:00:21] (Kg8) } 32.e6
{ [%eval 40,13] [%emt 0:00:36] (h3) } 32...dxe6
{ [%eval 16,14] [%emt 0:00:20] (dxe6) } 33.Rxe6
{ [%eval 10,13] [%emt 0:00:30] (Rxe6) } 33...c4
{ [%eval 44,14] [%emt 0:00:20] (c4) } 34.Ree1
{ [%eval -15,11] [%emt 0:00:29] (Re2) } 34...Bd4
{ [%eval 44,14] [%emt 0:00:19] (g5) } 35.Nxd4
{ [%eval -14,12] [%emt 0:00:22] (Nxd4) } 35...Rxd4
{ [%eval 46, 14] [%emt 0:00:19] (Rxd4) } 36.Kf1
{ [%eval -16,12] [%emt 0:00:25] (g3) } 36...Kg8
{ [%eval 68,13] [%emt 0:00:18] (g6) } 37.Re3
{ [%eval -30,11] [%emt 0:00:21] (Re3) } 37...Rb4
{ [%eval 68,13] [%emt 0:00:18] (Rb4) } 38.h3
{ [%eval -49,11] [%emt 0:00: 21] (f3) } 38...Rd2
{ [%eval 80,12] [%emt 0:00:17] (Rxa4) } 39.Re2
{ [%eval -20,12] [%emt 0:00:19] (Re8) } 39...Rxe2
{ [%eval 45,15] [%emt 0:00:17] (Rxe2) } 40.Kxe2
{ [%eval -5,13] [%emt 0:00:17] (Kxe2) } 40...Rxa4
{ [%eval 52,15] [%emt 0:00:17] (Rxa4) } 41.Kd2
{ [%eval -15,14] [%emt 0:00:49] (Kd2) } 41...Rb4
{ [%eval 38,17] [%emt 0:00:54] (Rb4) } 42.Kc3
{ [%eval -15,13] [%emt 0:00:49] (Kc3) } 42...Kf7
{ [%eval 25,16] [%emt 0:00:52] (Rb3) } 43.Rd1
{ [%eval 0,13] [%emt 0:00:48] (Ra1) } 43...Rb3+
{ [%eval 62,16] [%emt 0:00:51] (Ke6) } 44.Kc2
{ [%eval 0,14] [%emt 0:00:48] (Kc2) } 44...Ke6
{ [%eval 52,17] [%emt 0:00:50] (Ke6) } 45.Rd4
{ [%eval 0,13] [%emt 0:00:48] (Re1) } 45...Rb4
{ [%eval 32,18] [%emt 0:00:48] (Rb4) } 46.Re4+
{ [%eval 0,13] [%emt 0:00:46] (Re4) } 46...Kd6
{ [%eval 22,18] [%emt 0:00:47] (Kd6) } 47.Rd4+
{ [%eval 0,13] [%emt 0:00: 52] (Rd4) } 47...Ke6
{ [%eval 17,18] [%emt 0:00:46] (Ke6) } 48.Re4+
{ [%eval 0,13] [%emt 0:00:45] (Kc3) } 48...Kd6
{ [%eval 2,18] [%emt 0:00:45] (Kd6) } 49.Rd4+
{ [%eval 0,13] [%emt 0:00:51] (Rd4) } 49...Kc6
{ [%eval 1,18] [%emt 0:00:44] (Kc6) } 50.Kc3
{ [%eval 0,13] [%emt 0:00:46] (Kc3) } 50...Rb3+
{ [%eval 0,16] [%emt 0:00:43] (Rb3) } 51.Kc2
{ [%eval 0,14] [%emt 0:00:50] (Kc2) } 51...Rb4
{ [%eval 4,17] [%emt 0:00:42] (Rb4) } 52.f3
{ [%eval 0,13] [%emt 0:00:45] (Kc3) } 52...g6
{ [%eval 32,15] [%emt 0:00: 40] (g6) } 53.Rf4
{ [%eval 0,14] [%emt 0:00:49] (g4) } 53...Kb7
{ [%eval 11,16] [%emt 0:00:39] (Kb7) } 54.Re4
{ [%eval 1,13] [%emt 0:00:42] (Re4) } 54...Rb5
{ [%eval 6,17] [%emt 0:00:38] (a4) } 55.Rxc4
{ [%eval 42,13] [%emt 0:00:41] (Rxc4) } 55...Re5
{ [%eval 3,16] [%emt 0:00:37] (c6) } 56.Kd3
{ [%eval 43,13] [%emt 0:00:41] (Kd3) } 56...Rb5
{ [%eval -2,15] [%emt 0:00:37] (Rd5) } 57.Rc2
{ [%eval 48,13] [%emt 0:00:40] (Kc3) } 57...c6
{ [%eval 1,15] [%emt 0:00:36] (Rb4) } 58.Rd2
{ [%eval 41,12] [%emt 0: 00:38] (Ke4) } 58...Rb3+
{ [%eval -5,14] [%emt 0:00:35] (Kb6) } 59.Kd4
{ [%eval 52,13] [%emt 0:00:39] (Kc4) } 59...Rb5
{ [%eval -1,17] [%emt 0:00:34] (Rb5) } 60.h4
{ [%eval 49,13] [%emt 0:00:39] (Ke4) } 60...Rb4+
{ [%eval 15,18] [%emt 0:00:33] (Kb6) } 61.Kc3
{ [%eval 45,15] [%emt 0:01:07] (Kc5) } 61...Rxh4
{ [%eval 12,18] [%emt 0:00:32] (Kc7) } 62.Rd7+
{ [%eval 63,14] [%emt 0:00:36] (Rd7) } 62...Kb6
{ [%eval 11,19] [%emt 0:00:31] (Kb6) } 63.Rg7
{ [%eval 61,14] [%emt 0:00:32] (Rg7) } 63...c5
{ [%eval 10,18] [%emt 0: 00:31] (Kc5) } 64.Rxg6+
{ [%eval 75,13] [%emt 0:00:35] (Rxg6) } 64...Kb5
{ [%eval 7,18] [%emt 0:00:30] (Kb5) } 65.Rd6
{ [%eval 57,13] [%emt 0:00:35] (Rg5) } 65...Rc4+
{ [%eval 30,17] [%emt 0:00:29] (Rh1) } 66.Kd3
{ [%eval 59,13] [%emt 0:00:33] (Kd2) } 66...Rb4
{ [%eval 22,16] [%emt 0:00:28] (Rc1) } 67.Rd8
{ [%eval 66,13] [%emt 0:00: 32] (Kc3) } 67...Rb3+
{ [%eval 15,14] [%emt 0:00:28] (a4) } 68.Kc2
{ [%eval 78,13] [%emt 0:00:31] (Ke4) } 68...Re3
{ [%eval 26,14] [%emt 0:00:27] (a4) } 69.Kd2
{ [%eval 88,12] [%emt 0:00:30] (f4) } 69...Rb3
{ [%eval 15,16] [%emt 0:00:26] (Re6) } 70.Kc2
{ [%eval 77,13] [%emt 0:00:28] (Kc2) } 70...Re3
{ [%eval 16,15] [%emt 0:00:25] (a4) } 71.Kd2
{ [%eval 84,12] [%emt 0:00:23] (Rb8) } 71...Re7
{ [%eval 10,16] [%emt 0:00:25] (Rb3) } 72.Rb8+
{ [%eval 80,12] [%emt 0:00:26] (Rb8) } 72...Kc6
{ [%eval 8,15] [%emt 0: 00:24] (Kc6) } 73.Rg8
{ [%eval 84,12] [%emt 0:00:25] (Rg8) } 73...Rf7
{ [%eval 12,15] [%emt 0:00:24] (Rf7) } 74.Rg6+
{ [%eval 72,12] [%emt 0:00:24] (Kc3) } 74...Kb5
{ [%eval 17,17] [%emt 0:00:23] (Kb5) } 75.Rg8
{ [%eval 75,11] [%emt 0:00:22] (Rg5) } 75...Kc4
{ [%eval 23,14] [%emt 0:00:22] (Kc4) } 76.Kc2
{ [%eval 70,11] [%emt 0:00: 21] (Kc2) } 76...Kd4
{ [%eval 14,14] [%emt 0:00:22] (Re7) } 77.Kd2
{ [%eval 68,11] [%emt 0:00:20] (b3) } 77...Rd7
{ [%eval 19,14] [%emt 0:00:21] (Rd7) } 78.Rg5
{ [%eval 60,12] [%emt 0:00:19] (b3) } 78...Rh7
{ [%eval 27,15] [%emt 0:00:21] (Rb7) } 79.Rg8
{ [%eval 73,11] [%emt 0:00:18] (b3) } 79...Rb7
{ [%eval 32,14] [%emt 0:00:20] (h4) } 80.Rd8+
{ [%eval 62,13] [%emt 0:00:16] (Kc2) } 80...Kc4
{ [%eval 22,16] [%emt 0:00:20] (Kc4) } 81.Kc2
{ [%eval 12,15] [%emt 0:01:13] (Kc2) } 81...Rg7
{ [%eval 25,17] [%emt 0: 00:57] (Rg7) } 82.Rd2
{ [%eval 1,15] [%emt 0:01:24] (Rd2) } 82...Rf7
{ [%eval 24,17] [%emt 0:00:55] (a4) } 83.Re2
{ [%eval 46,13] [%emt 0:00:47] (b3) } 1/2-1/2